 Dungeon Crawl Stone Soup version 0.30-a0-860-g512cf1e979 (webtiles) character file.

Game seed: 4005127789680663072

4979 112233 the Stinger (level 10, -11/92 HPs)
             Began as a Naga Venom Mage on Mar 8, 2023.
             Was a Believer of Vehumet.
             Mangled by a gargoyle
             ... wielding a +0 morningstar
              (22 damage)
             ... on level 9 of the Dungeon.
             The game lasted 00:25:45 (12727 turns).

112233 the Stinger (Naga Venom Mage)               Turns: 12727, Time: 00:25:45

Health: -11/92     AC: 10    Str: 11    XL:     10   Next: 53%
Magic:  0/20       EV:  9    Int: 19    God:    Vehumet [**....]
Gold:   451        SH:  0    Dex: 12    Spells: 10/23 levels left

rFire   . . .      SeeInvis +    i - +5 long sword
rCold   + . .      Faith    .    (no shield)
rNeg    . . .      Spirit   +    a - +0 robe
rPois   +          Reflect  .    k - +0 helmet
rElec   .          Rampage  .    (no cloak)
rCorr   .                        w - +0 pair of gloves
Will    +....                    e - +0 barding
Stlth   +                        n - amulet of guardian spirit
HPRegen 0.35/turn                c - ring of protection from cold
MPRegen 0.17/turn                (no ring)

@: about to teleport, silenced, very slow
A: AC +3, large, see invisible, deformed body, poison resistance, slowness 2,
spit poison 1, naga tail 1
a: Spit Poison, Renounce Religion


You were on level 9 of the Dungeon.
You worshipped Vehumet.
Vehumet was pleased with you.
You visited 1 branch of the dungeon, and saw 9 of its levels.

You collected 451 gold pieces.

Inventory:

Hand Weapons
 d - a +0 long sword of holy wrath
 f - a +0 quarterstaff
 i - a +5 long sword (weapon)
 j - a +3 short sword of freezing
 s - a +2 antimagic short sword
 z - a +3 dagger of electrocution
Armour
 a - a +0 robe (worn)
 e - a +0 barding (worn)
 k - a +0 helmet (worn)
 w - a +0 pair of gloves (worn)
 D - an orb of mayhem
Jewellery
 c - a ring of protection from cold (left hand)
 n - an amulet of guardian spirit (around neck)
 E - a ring of protection from fire
Wands
 m - a wand of digging (6)
 t - a wand of polymorph (6)
 C - a wand of roots (8)
Scrolls
 h - a scroll of fog
 l - 5 scrolls of teleportation
 o - a scroll of fear
 p - a scroll of immolation
 u - 2 scrolls of magic mapping
 v - a scroll of vulnerability
 x - 3 scrolls of torment
 y - a scroll of amnesia
 B - a scroll of identify
Potions
 b - 2 potions of attraction
 g - a potion of brilliance
 q - a potion of degeneration
 r - a potion of resistance


   Skills:
 + Level 6.7 Fighting
 + Level 5.9 Dodging
 - Level 3.1 Stealth
 + Level 7.1 Spellcasting
 + Level 3.6 Conjurations
 + Level 6.1 Summonings
 - Level 1.0 Transmutations
 - Level 7.8 Poison Magic


You had 10 spell levels left.
You knew the following spells:

 Your Spells              Type           Power      Damage    Failure   Level
a - Sting                 Tmut/Pois      92%        1d7       1%          1
b - Poisonous Vapours     Pois/Air       42%        N/A       3%          2
c - Olgreb's Toxic Radia  Pois           36%        N/A       3%          4
d - Mephitic Cloud        Conj/Pois/Air  21%        N/A       6%          3
e - Call Canine Familiar  Summ           30%        N/A       2%          3

Your spell library contained the following spells:

 Spells                   Type           Power      Damage    Failure   Level
 Momentum Strike          Conj/Tloc      26%        3d8       7%          2
 Summon Small Mammal      Summ           100%       N/A       1%          1
 Summon Guardian Golem    Hex/Summ       18%        N/A       9%          3


Dungeon Overview and Level Annotations

Branches:
Dungeon (9/15)
 Temple: D:4-7         Lair: D:8-11         Orc: D:9-12

Altars:
Cheibriados
Dithmenos
Kikubaaqudgha
Nemelex Xobeh
Vehumet

Shops:
D:5 *

Annotations:
D:2 1 runed translucent door, Crazy Yiuf
D:4 exclusion: downstairs
D:5 2 transporters, exclusion: downstairs, What's ghost, novice TrGl


Innate Abilities, Weirdness & Mutations

Your serpentine skin is tough. (AC +3)
You have supernaturally acute eyesight. (SInv)
Armour fits poorly on your strangely shaped body.
Your system is resistant to poisons. (rPois)
You cover ground very slowly.
You can spit poison.
You have a snake-like lower body.


Message History

Aim: a gargoyle, wielding a +0 morningstar (moderately damaged, ally target)
The roots erupt in riotous growth!
Roots grab the gargoyle.
Your hound is unaffected.
The grasping roots constrict the gargoyle, but do no damage.
Your hound bites the gargoyle but does no damage.
The gargoyle hits you with a +0 morningstar!
Unknown command.
Unknown command.
Okay, then.
As you read the scroll of teleportation, it crumbles to dust.
You feel strangely unstable.
The grasping roots constrict the gargoyle.
The roots release their grip on the gargoyle.
Your hound bites the gargoyle but does no damage.
The gargoyle hits you with a +0 morningstar!!
* * * LOW HITPOINT WARNING * * *
Your hound bites the gargoyle but does no damage.
Okay, then.
You can't see any enemies this would affect, really read the scroll of fear?
Okay, then.
Unknown command.
Unknown command.
Okay, then.
Aiming: Fastroot
Press: ? - help, Shift-Dir - straight line, f/p - gargoyle
Aim: a gargoyle, wielding a +0 morningstar (heavily damaged, ally target)
Okay, then.
Unknown command.
Unknown command.
Okay, then.
Casting: Call Canine Familiar (mildly dangerous; 2% risk of failure)
Confirm with . or Enter, or press ? or * to list all spells.
Okay, then.
Okay, then.
Okay, then.
As you read the scroll of silence, it crumbles to dust.
A profound silence engulfs you.
Your hound bites the gargoyle.
The gargoyle hits you with a +0 morningstar!!
You die...

.......#.........
..........#######
#.###..#..########
#.............
#.##..#######. #.
#..#
.###.##..#####
......9h.....###
###.##@.......# #.
#.####.#.# .. ...#
.. # =..### >..
##.# ## $.. ###


You could see a gargoyle (unsilenced, ally target) and a friendly hound
(summoned).

Vanquished Creatures
  Pikel (D:6)
  Prince Ribbit (D:8)
  Sigmund (D:5)
  A wyvern (D:8)
  9 yaks
  A steam dragon (D:7)
  An acid dragon (D:8)
  3 water moccasins
  2 orc warriors
  An ice beast (D:8)
  An ogre (D:5)
  3 lemures (D:6)
  3 kobold brigands
  A gnoll sergeant (D:5)
  3 bullfrogs
  A scorpion (D:6)
  3 wights (D:6)
  6 killer bees (D:6)
  2 howler monkeys
  3 hounds
  3 jellies
  8 orc priests
  Jessica (D:2)
  An iguana (D:4)
  4 orc wizards
  5 gnolls (D:5)
  6 adders
  A white imp (D:6)
  3 ufetubi (D:7)
  4 worms
  2 dart slugs (D:2)
  28 orcs
  5 ball pythons
  4 bats
  9 endoplasms
  6 giant cockroaches
  6 goblins
  8 hobgoblins
  20 kobolds
  6 quokkas
  7 frilled lizards
  7 rats
191 creatures vanquished.

Vanquished Creatures (others)
  2 demonic plants (D:7)
  A plant (D:3)
3 creatures vanquished.

Grand Total: 194 creatures vanquished

Notes
Turn   | Place    | Note
-------+----------+-------------------------------------------
     0 | D:1      | 112233 the Naga Venom Mage began the quest for the Orb.
     0 | D:1      | Reached XP level 1. HP: 15/15 MP: 3/3
   201 | D:1      | Reached XP level 2. HP: 22/22 MP: 0/5
   321 | D:1      | Learned a level 2 spell: Poisonous Vapours
  1348 | D:2      | Reached XP level 3. HP: 17/28 MP: 0/6
  1924 | D:2      | Reached skill level 5 in Poison Magic
  2192 | D:2      | Noticed Jessica
  2199 | D:2      | Killed Jessica
  2200 | D:2      | Reached XP level 4. HP: 36/36 MP: 0/8
  2504 | D:2      | Learned a level 4 spell: Olgreb's Toxic Radiance
  2938 | D:2      | Found a runed translucent door.
  2939 | D:2      | Noticed Crazy Yiuf
  3362 | D:3      | Found a radiant altar of Vehumet.
  3387 | D:3      | Became a worshipper of Vehumet
  3735 | D:3      | Reached XP level 5. HP: 43/43 MP: 4/10
  4254 | D:3      | Reached skill level 1 in Fighting
  5029 | D:5      | Entered Level 5 of the Dungeon
  5390 | D:4      | Reached XP level 6. HP: 52/52 MP: 0/11
  6367 | D:4      | Learned a level 3 spell: Mephitic Cloud
  6371 | D:4      | Learned a level 3 spell: Call Canine Familiar
  6490 | D:4      | Reached * piety under Vehumet
  6490 | D:4      | Offered knowledge of Foxfire by Vehumet.
  6919 | D:5      | Noticed Sigmund
  6931 | D:5      | Killed Sigmund
  6932 | D:5      | Reached skill level 1 in Summonings
  6932 | D:5      | Reached XP level 7. HP: 62/62 MP: 0/13
  7055 | D:5      | Found a transporter.
  7066 | D:5      | Found a transporter.
  7068 | D:5      | Noticed What's ghost (novice TrGl)
  7445 | D:5      | Found Hobloh's Gadget Gallery.
  7961 | D:6      | Reached XP level 8. HP: 54/72 MP: 5/15
  7962 | D:6      | Reached skill level 5 in Spellcasting
  8259 | D:6      | Noticed a yak
  8259 | D:6      | Noticed a yak
  8259 | D:6      | Noticed a yak
  8271 | D:6      | Killed a yak
  8271 | D:6      | Killed a yak
  8271 | D:6      | Noticed a yak
  8278 | D:6      | Noticed Pikel
  8436 | D:6      | Killed a yak
  8494 | D:6      | Reached XP level 9. HP: 67/79 MP: 11/17
  8578 | D:6      | Found a sparkling altar of Nemelex Xobeh.
  8602 | D:6      | Killed Pikel
  8603 | D:6      | Reached skill level 5 in Fighting
  8892 | D:6      | Offered knowledge of Static Discharge by Vehumet.
  8892 | D:6      | Reached ** piety under Vehumet
  8898 | D:6      | Reached skill level 5 in Dodging
  9606 | D:6      | Reached skill level 1 in Conjurations
  9899 | D:7      | Reached skill level 5 in Summonings
 10548 | D:8      | Found a shadowy altar of Dithmenos.
 10593 | D:8      | Found a snail-covered altar of Cheibriados.
 10656 | D:8      | Found an ancient bone altar of Kikubaaqudgha.
 10778 | D:8      | Reached XP level 10. HP: 57/91 MP: 2/20
 11391 | D:8      | Noticed Prince Ribbit
 11407 | D:8      | Killed Prince Ribbit
 12283 | D:9      | Offered knowledge of Momentum Strike by Vehumet.
 12709 | D:9      | Noticed a gargoyle
 12727 | D:9      | Mangled by a gargoyle

Illustrated notes

Levels and vault maps discovered:
D:1:      dpeg_arrival_prison, layout_loops_cross
D:2:      layout_basic, serial_bayou_pond_a, uniq_jessica,
          uniq_crazy_yiuf_cottage
D:3:      cheibrodos_old_hovel, layout_rooms,
          mainiacjoe_overflow_concentric_impassable, st_stairs_6,
          corexii_hall_statues_i
D:4:      minmay_inner_zag, layout_gridville, kennysheep_small_spiral
D:5:      layout_rooms, gammafunk_ghost_hive, nicolae_shop_gadgets, uniq_sigmund
D:6:      layout_basic, mainiacjoe_overflow_alcove_1, uniq_pikel
D:7:      layout_loops_cross, temple_statues, serial_demonic, serial_demonic_a,
          serial_demonic_c, serial_demonic_b, serial_demonic_e,
          serial_demonic_a, serial_demonic_d, minmay_chambers_of_fives
D:8:      kennysheep_blocky_hall, layout_loops_ring, amcnicky_altar_gilded,
          chei_slow_surprise, nicolae_dithmenos_through_a_glass_darkly,
          uniq_prince_ribbit1
D:9:      layout_loops_ring, lemuel_crystal_altar, erik_lair_orcish_takeover,
          nicolae_shop_i_like_big_books

Skill      XL: |  1  2  3  4  5  6  7  8  9 10 |
---------------+-------------------------------+-----
Poison Magic   | 5 7 |  7.8
Spellcasting   | 3 4 5 6 7 |  7.1
Fighting       | 1 3 4 6 |  6.7
Dodging        | 2 3 4 5 |  5.9
Summonings     | 1 2 3 5 6 |  6.1
Conjurations   | 2 3 |  3.6
Stealth        | |  3.1
Transmutations | |  1.0

Action                     |  1- 3 |  4- 6 |  7- 9 | 10-12 || total
---------------------------+-------+-------+-------+-------++-------
  Melee: Unarmed           |     3 |       |       |       ||     3
         Long sword        |     4 |    14 |    18 |     1 ||    37
         Dagger            |       |       |    28 |       ||    28
         Short sword       |       |       |    23 |     5 ||    28
         Punch             |       |       |     2 |       ||     2
   Cast: Sting             |    49 |   137 |   124 |    55 ||   365
         Poisonous Vapours |    33 |    67 |    41 |    18 ||   159
         Mephitic Cloud    |       |     1 |     4 |     2 ||     7
         Olgreb's Toxic Ra |       |       |    15 |    10 ||    25
         Call Canine Famil |       |       |     1 |     3 ||     4
Ability: Spit Poison       |       |     4 |     6 |     1 ||    11
  Evoke: Wand              |       |       |       |     3 ||     3
    Use: Potion            |       |     2 |    13 |       ||    15
         Scroll            |       |       |    13 |     2 ||    15
   Stab: Sleeping          |       |     1 |       |       ||     1
 Armour: Robe              |     4 |    12 |    33 |    15 ||    64
         Skin              |       |       |    11 |       ||    11
  Dodge: Dodged            |    15 |    56 |    69 |    22 ||   162

Table legend: (Time is in decaauts)
 A = Elapsed time spent in this place.
 B = Non-inter-level travel time spent in this place.
 C = Inter-level travel time spent in this place.
 D = Time resting spent in this place.
 E = Time spent auto-exploring this place.
 F = Levels seen in this place.
 G = Mean time per level.
                   A        B        C        D        E       F      G
               +--------+--------+--------+--------+--------+-----+--------+
         Total |  14560 |  14146 |    414 |   2278 |  10258 |   9 | 1617.8 |
       Dungeon |  14560 |  14146 |    414 |   2278 |  10258 |   9 | 1617.8 |
               +--------+--------+--------+--------+--------+-----+--------+

Top non-repeatable levels by time:
     D:2: 2574 daAuts
     D:4: 2339 daAuts
     D:8: 2030 daAuts
     D:6: 1848 daAuts
     D:5: 1686 daAuts
     D:1: 1483 daAuts
     D:3: 1400 daAuts
     D:7: 695 daAuts
     D:9: 501 daAuts
